 Dungeon Crawl Stone Soup version 0.23.1 (webtiles) character file.

Game seed: 0

33657 blaro the Severer (level 13, -7/122 HPs)
             Began as a Minotaur Berserker on Mar 13, 2019.
             Was the Champion of Trog.
             Mangled by a death yak (13 damage)
             ... on level 6 of the Lair of Beasts on Mar 14, 2019.
             The game lasted 00:52:39 (12216 turns).

blaro the Severer (Minotaur Berserker)             Turns: 12216, Time: 00:52:39

Health: -7/122     AC: 28    Str: 27    XL:     13   Next: 38%
Magic:  4/4        EV:  8    Int:  4    God:    Trog [******]
Gold:   885        SH:  0    Dex: 14    Spells: 12/12 levels left

rFire    + . .     SeeInvis .   a - +5 battleaxe (antimagic)
rCold    + . .     Gourm    .   (shield currently unavailable)
rNeg     . . .     Faith    .   N - +0 crystal plate armour
rPois    .         Spirit   .   P - +2 hat
rElec    .         Reflect  .   h - scarf {rC+ rF+}
rCorr    .         Harm     .   u - +0 pair of gloves
MR       .....                  S - +0 pair of boots
Stlth    ..........             k - amulet of regeneration
HPRegen  0.70/turn              d - ring of stealth
MPRegen  0.09/turn              i - +4 ring of dexterity

@: berserk cooldown, slowed, very slow
A: retaliatory headbutt, horns 2
a: Berserk, Trog's Hand, Brothers in Arms, Renounce Religion


You were on level 6 of the Lair of Beasts.
You worshipped Trog.
Trog was exalted by your worship.
You were not hungry.

You visited 3 branches of the dungeon, and saw 15 of its levels.

You collected 885 gold pieces.

Inventory:

Hand Weapons
 a - a +5 antimagic battleaxe (weapon)
Armour
 f - a +0 plate armour
 h - a scarf of resistance (worn)
 u - a +0 pair of gloves (worn)
 w - the +3 ring mail "Hiydd" {rC+ MR+, help}
   (You found it on level 6 of the Dungeon)

   It protects you from cold.
   It affects your resistance to hostile enchantments.
 D - a +3 ring mail of positive energy
 N - a +0 crystal plate armour (worn)
 P - a +2 hat (worn)
 S - a +0 pair of boots (worn)
Jewellery
 d - a ring of stealth (left hand)
 i - a +4 ring of dexterity (right hand)
 k - an amulet of regeneration (around neck)
 F - an uncursed ring of ice
 M - an uncursed amulet of the acrobat {unknown}
Wands
 B - a wand of acid (8)
 E - a wand of flame (21)
 Q - a wand of paralysis (6)
Scrolls
 p - 4 scrolls of magic mapping
 q - 3 scrolls of teleportation
 s - a scroll of noise {unknown}
 v - 4 scrolls of remove curse
 y - a scroll of fog
 z - a scroll of fear {unknown}
 A - 2 scrolls of enchant armour {unknown}
 G - 2 scrolls of brand weapon {unknown}
 K - a scroll of holy word {unknown}
 L - a scroll of immolation {unknown}
 O - 4 scrolls of blinking {unknown}
Potions
 b - 2 potions of agility
 e - a potion of haste {unknown}
 g - 3 potions of magic {unknown}
 j - 2 potions of mutation {unknown}
 l - 3 potions of berserk rage {unknown}
 m - a potion of flight {unknown}
 n - 2 potions of heal wounds {unknown}
 o - a potion of invisibility {unknown}
 r - 2 potions of brilliance {unknown}
 t - a potion of cancellation {unknown}
 x - 9 potions of curing
 C - 4 potions of degeneration {unknown}
 J - a potion of might {unknown}
 R - 3 potions of lignification {unknown}
Miscellaneous
 H - a crystal ball of energy
 I - a box of beasts
Comestibles
 c - 23 rations


   Skills:
 + Level 13.3 Fighting
 + Level 18.0 Axes
 + Level 13.8 Armour
 + Level 4.5 Dodging
 + Level 2.1 Stealth


You had 12 spell levels left.
You didn't know any spells.
Your spell library contained the following spells:

 Spells                   Type           Power        Failure   Level  Hunger
 Animate Skeleton         Necr           N/A          100%        1    ##.....
 Corona                   Hex            #......      100%        1    ##.....
 Pain                     Necr           #...         100%        1    ##.....
 Slow                     Hex            #.......     100%        2    ###....
 Inner Flame              Hex/Fire       #.......     100%        3    ####...
 Portal Projectile        Hex/Tloc       #.....       100%        3    ####...
 Regeneration             Chrm/Necr      #.........   100%        3    ####...
 Vampiric Draining        Necr           #.........   100%        3    ####...
 Animate Dead             Necr           N/A          100%        4    #####..
 Cause Fear               Hex            #.........   100%        4    #####..
 Leda's Liquefaction      Hex/Erth       #.........   100%        4    #####..
 Bolt of Magma            Conj/Fire/Erth #.........   100%        5    ######.
 Iron Shot                Conj/Erth      #.........   100%        6    #######
 Statue Form              Tmut/Erth      #........    100%        6    #######
 Shatter                  Erth           #.........   100%        9    #######


Dungeon Overview and Level Annotations

Branches:
Dungeon (8/15)             Temple (1/1) D:5            Lair (6/6) D:8
  Swamp (0/4) Lair:3        Snake (0/4) Lair:3        Slime (0/5) Lair:5

Altars:
Ashenzari
Cheibriados
Dithmenos
Elyvilon
Fedhas
Gozag
Makhleb
Nemelex Xobeh
Okawaru
Qazlal
Ru
Sif Muna
Trog
Uskayaw
Vehumet
Wu Jian
Xom
Yredelemnul
Zin
The Shining One

Portals:
Sewer: D:3

Annotations:
Lair:5 exclusion: oklob plant


Innate Abilities, Weirdness & Mutations

You reflexively headbutt those who attack you in melee.
You have a pair of horns on your head.


Message History

The death yak gores you but does no damage.
You see here a hippogriff corpse.
You feel your anger nearly subside.
You are no longer berserk.
You are exhausted.
You feel yourself slow down.
The death yak gores you but does no damage.
You see here a hippogriff corpse.
You slash the death yak!
The death yak is heavily wounded.
The death yak gores you but does no damage.
You slash the death yak!
You headbutt the death yak, but do no damage.
The death yak is severely wounded.
The death yak gores you!
* * * LOW HITPOINT WARNING * * *
You barely miss the death yak.
The death yak is severely wounded.
The death yak gores you!
You die...

P.## #######....... ..P#
##....##....... ...#
#........#..... ####...
##......#...... .......
#........##... ...#.#.
#.....#..##...
.......########...###...
###.......##..#.P##...
#P...@#...#.....###...
#....Y†...#.....###...
##..†.#####......#....
#..†).......#####....
##.#......P#.###.....
#####.P.#####....... ###### #####
######## #........
.##..####...####..##..###.......∩
.................................


You could see a death yak.

Vanquished Creatures
  A dire elephant (Lair:6)
  6 hydras
  A catoblepas (Lair:4)
  A death yak (Lair:6)
  Urug (Lair:2)
  A swamp dragon (Lair:3)
  A cyclops (D:8)
  A manticore (Lair:6)
  10 elephants
  5 black mambas
  8 spiny frogs
  2 rime drakes
  A yaktaur (D:8)
  4 komodo dragons
  A hornet (D:7)
  A polar bear (Lair:6)
  2 dream sheep
  19 blink frogs
  4 hippogriffs
  Sigmund (D:2)
  A spriggan (Lair:6)
  2 wyverns (D:8)
  28 yaks
  A basilisk (Lair:1)
  A warg (Lair:6)
  Duvessa (D:7)
  10 porcupines
  9 water moccasins
  A sky beast (D:8)
  A black bear (D:8)
  A necrophage (D:8)
  3 ogres
  2 orc warriors
  2 wolves (Lair:6)
  2 centaurs
  12 crocodiles
  11 bullfrogs
  Dowan (D:7)
  5 killer bees (D:8)
  A howler monkey (D:5)
  A crimson imp (D:7)
  A centaur zombie (D:6)
  A quasit (D:8)
  3 hounds
  6 orc priests
  13 orc wizards
  Crazy Yiuf (D:7)
  2 bullfrog skeletons
  Jessica (D:2)
  Ijyb (D:5)
  7 hell rats (Lair:4)
  6 worker ants
  3 iguanas
  A hound zombie (D:6)
  A hound skeleton (D:8)
  3 gnolls (D:8)
  6 adders
  An ooze (D:1)
  2 adder zombies
  An adder skeleton (D:5)
  5 worms
  A dart slug (D:1)
  9 leopard geckos
  43 orcs
  5 giant cockroaches
  7 goblins
  11 hobgoblins
  14 jackals
  8 kobolds
  3 quokkas
  4 ball pythons
  10 bats
  8 frilled lizards
  A jackal skeleton (D:8)
  7 rats
  5 fungi
  4 plants
372 creatures vanquished.

Vanquished Creatures (others)
  A black bear (D:7)
  A crocodile (Lair:3)
  2 fungi
  5 plants
9 creatures vanquished.

Grand Total: 381 creatures vanquished

Notes
Turn   | Place    | Note
-------+----------+-------------------------------------------
     0 | D:1      | blaro the Minotaur Berserker began the quest for the Orb.
     0 | D:1      | Reached XP level 1. HP: 19/19 MP: 0/0
   147 | D:1      | Reached skill level 4 in Axes
   147 | D:1      | Reached XP level 2. HP: 24/27 MP: 1/1
   914 | D:2      | Noticed Jessica
   927 | D:2      | Killed Jessica
   927 | D:2      | Reached XP level 3. HP: 13/34 MP: 2/2
  1195 | D:2      | Reached ** piety under Trog
  1234 | D:2      | Reached XP level 4. HP: 5/41 MP: 3/3
  1552 | D:2      | Found a shimmering altar of Xom.
  1830 | D:2      | Noticed Sigmund
  1843 | D:2      | Killed Sigmund
  1843 | D:2      | Reached skill level 5 in Fighting
  1843 | D:2      | Reached skill level 5 in Axes
  1843 | D:2      | Reached skill level 1 in Stealth
  1843 | D:2      | Reached XP level 5. HP: 48/48 MP: 4/4
  1930 | D:3      | Reached XP level 6. HP: 56/56 MP: 5/5
  2255 | D:3      | Found a glowing drain.
  2370 | D:4      | Reached *** piety under Trog
  2672 | D:4      | Reached skill level 6 in Axes
  2725 | D:4      | Reached XP level 7. HP: 63/63 MP: 6/6
  3135 | D:5      | Entered Level 5 of the Dungeon
  3148 | D:5      | Found a staircase to the Ecumenical Temple.
  3160 | D:5      | Reached skill level 5 in Armour
  3203 | D:5      | Reached skill level 7 in Axes
  3640 | D:5      | Noticed Ijyb
  3652 | D:5      | Killed Ijyb
  3730 | D:5      | Reached **** piety under Trog
  3925 | D:6      | Reached skill level 8 in Axes
  3925 | D:6      | Reached XP level 8. HP: 71/71 MP: 7/7
  3953 | D:6      | Got a warped ring mail
  3954 | D:6      | Identified the +3 ring mail "Hiydd" {rC+ MR+} (You found it
                  | on level 6 of the Dungeon)
  4019 | D:6      | Reached skill level 9 in Axes
  4217 | D:6      | Reached ***** piety under Trog
  4342 | D:6      | Reached skill level 10 in Axes
  4528 | D:7      | Reached XP level 9. HP: 47/81 MP: 8/8
  4849 | D:7      | Noticed Dowan
  4850 | D:7      | Noticed Duvessa
  4855 | D:7      | Killed Dowan
  4867 | D:7      | Killed Duvessa
  4983 | D:7      | Found a runed translucent door.
  4984 | D:7      | Noticed Crazy Yiuf
  4989 | D:7      | Killed Crazy Yiuf
  5021 | D:7      | Paralysed by a hornet for 2 turns
  5023 | D:7      | Reached skill level 11 in Axes
  5430 | Temple   | Entered the Ecumenical Temple
  5622 | D:8      | Found a blossoming altar of Fedhas.
  5630 | D:8      | Found a glowing golden altar of the Shining One.
  5633 | D:8      | Found a stormy altar of Qazlal.
  5658 | D:8      | Found a transporter.
  5665 | D:8      | Noticed a cyclops
  5667 | D:8      | Noticed an eight-headed hydra
  5668 | D:8      | Noticed a yaktaur
  5691 | D:8      | Found a transporter.
  5697 | D:8      | HP: 2/123 [yak (5)]
  5697 | D:8      | Killed a yaktaur
  5697 | D:8      | Killed a cyclops
  5697 | D:8      | Reached skill level 12 in Axes
  5698 | D:8      | Killed a 12-headed hydra
  5698 | D:8      | Reached XP level 10. HP: 3/91 MP: 9/9
  6251 | D:8      | Reached skill level 10 in Armour
  6358 | D:8      | Found a staircase to the Lair.
  6827 | Lair:1   | Entered Level 1 of the Lair of Beasts
  6827 | Lair:1   | Noticed a spiny frog
  6834 | Lair:1   | Killed a spiny frog
  6834 | Lair:1   | Received a gift from Trog
  6838 | Lair:1   | Reached skill level 13 in Axes
  7863 | Lair:2   | Noticed an eight-headed hydra
  7865 | Lair:2   | Noticed Urug
  7875 | Lair:2   | Killed a 12-headed hydra
  7875 | Lair:2   | Reached XP level 11. HP: 54/99 MP: 3/10
  7875 | Lair:2   | Reached skill level 10 in Fighting
  7879 | Lair:2   | Killed Urug
  7952 | Lair:2   | Reached skill level 14 in Axes
  8614 | Lair:3   | Found a staircase to the Snake Pit.
  9153 | Lair:3   | Noticed a swamp dragon
  9154 | Lair:3   | Found a staircase to the Swamp.
  9161 | Lair:3   | Killed a swamp dragon
  9161 | Lair:3   | Reached skill level 15 in Axes
  9239 | Lair:3   | Reached XP level 12. HP: 92/110 MP: 3/11
  9995 | Lair:4   | Noticed a four-headed hydra
 10002 | Lair:4   | Killed a seven-headed hydra
 10140 | Lair:4   | Reached skill level 16 in Axes
 10361 | Lair:4   | Noticed a catoblepas
 10368 | Lair:4   | Killed a catoblepas
 10957 | Lair:5   | Found a staircase to the Slime Pits.
 10980 | Lair:5   | Noticed a six-headed hydra
 10993 | Lair:5   | Killed a 12-headed hydra
 11528 | Lair:6   | Entered Level 6 of the Lair of Beasts
 11528 | Lair:6   | Noticed an eight-headed hydra
 11541 | Lair:6   | Killed a 12-headed hydra
 11562 | Lair:6   | Reached skill level 17 in Axes
 11684 | Lair:6   | Reached XP level 13. HP: 119/119 MP: 4/12
 11876 | Lair:6   | Found a gate leading to a gauntlet.
 11966 | Lair:6   | Reached ****** piety under Trog
 12187 | Lair:6   | Noticed a dire elephant
 12204 | Lair:6   | Killed a dire elephant
 12208 | Lair:6   | Received a gift from Trog
 12208 | Lair:6   | Reached skill level 18 in Axes
 12215 | Lair:6   | HP: 6/122 [death yak (14)]
 12216 | Lair:6   | Mangled by a death yak

Skill      XL: |  1  2  3  4  5  6  7  8  9 10 11 12 13 |
---------------+----------------------------------------+-----
Fighting       | 4 5 6 7 9 11 12 13 | 13.3
Axes           | 4 5 6 8 10 12 13 15 17 18 | 18.0
Armour         | 3 4 5 6 9 11 12 13 | 13.8
Dodging        | 3 4 |  4.5
Stealth        | 1 2 |  2.1

Action                   |  1- 3 |  4- 6 |  7- 9 | 10-12 | 13-15 || total
-------------------------+-------+-------+-------+-------+-------++-------
Melee: Hand axe          |    55 |   104 |    22 |       |       ||   181
       Headbutt          |     5 |    25 |    57 |    85 |    21 ||   193
       War axe           |       |       |   221 |    75 |       ||   296
       Battleaxe         |       |       |       |   296 |    79 ||   375
Invok: Berserk           |       |     1 |     6 |     5 |     1 ||    13
  Use: Scroll            |     2 |     3 |     7 |     1 |       ||    13
       Potion            |       |       |       |     1 |     1 ||     2
  Eat: Ration            |     1 |     1 |     4 |     6 |     1 ||    13
       Chunk             |       |       |     3 |     2 |       ||     5
Armor: Animal skin       |     4 |       |       |       |       ||     4
       Ring mail         |       |     6 |       |       |       ||     6
       Plate armour      |       |    52 |   207 |   154 |       ||   413
       Crystal plate arm |       |       |       |   184 |   116 ||   300
Dodge: Dodged            |    36 |    74 |   142 |   242 |    42 ||   536
